 Dungeon Crawl Stone Soup version 0.31-a0-868-g674d60d6f7 (webtiles) character file.

Game seed: 16882036469338951870

91842 kae the Swashbuckler (level 15, -3/107 (119) HPs)
             Began as a Demonspawn Enchanter on Oct 11, 2023.
             Was the Champion of Dithmenos.
             Slain by Saint Roka
             ... wielding a +3 great sword of holy wrath
              (33 damage)
             ... on level 2 of the Orcish Mines.
             The game lasted 00:30:08 (27404 turns).

kae the Swashbuckler (Demonspawn Enchanter)        Turns: 27404, Time: 00:30:09

HP:   -3/107 (119)  AC: 17    Str: 13    XL:     15   Next: 56%
MP:   0/27          EV: 21    Int: 19    God:    Dithmenos [******]
Gold: 1929          SH:  0    Dex: 14    Spells: 16/30 levels left

rFire   . . .        O - +9 quick blade (venom) {rare}
rCold   + + +        (no shield)
rNeg    . . .        w - +4 skin of Zhor {*Englaciate rC+++ SInv}
rPois   .            (no helmet)
rElec   .            d - +2 cloak
rCorr   .            I - +2 pair of gloves {infuse}
SInv    +            K - +1 pair of boots
Will    ++...        G - amulet of guardian spirit
Stlth   ++++++++     n - ring of willpower
HPRegen 0.37/turn    E - +5 ring of evasion
MPRegen 0.20/turn

%: guardian spirit
@: wreathed by umbra, studying Dodging, heavily drained
A: rugged brown scales 2, demonic guardian 2, icemail 1, condensation shield,
demonic touch 2
a: Renounce Religion, Shadow Step, Shadow Form


You were on level 2 of the Orcish Mines.
You worshipped Dithmenos.
Dithmenos was exalted by your worship.
You visited 4 branches of the dungeon, and saw 23 of its levels.
You also visited: Sewer and Bailey.

You collected 1929 gold pieces.


Innate Abilities, Weirdness & Mutations

You are mostly covered in rugged brown scales. (AC +2, +5% HP)
A demonic guardian rushes to your aid.
A meltable icy envelope protects you from harm. (AC +0)
A meltable shield of frost defends you. (SH +0)
Your touch may inflict irresistible damage on your foes.


   Skills:
 + Level 9.4 Fighting
 + Level 15.3 Short Blades
 - Level 6.0 Armour
 - Level 10.0 Dodging
 + Level 9.9 Stealth
 - Level 8.0 Spellcasting
 + Level 11.2 Hexes
 - Level 2.4 Ice Magic
 - Level 4.0 Air Magic
 - Level 0.1 Poison Magic
 - Level 6.1 Invocations


You had 16 spell levels left.
You knew the following spells:

 Your Spells              Type           Power      Damage    Failure   Level
a - Ensorcelled Hibernat  Hex/Ice        66%        N/A       1%          2
b - Confusing Touch       Hex            50%        N/A       1%          3
c - Tukima's Dance        Hex            50%        N/A       1%          3
d - Dazzling Flash        Conj/Hex       58%        N/A       2%          3
e - Swiftness             Air            22%        N/A       5%          3

Your spell library contained the following spells:

 Spells                   Type           Power      Damage    Failure   Level
 Jinxbite                 Hex            100%       N/A       1%          2
 Freeze                   Ice            64%        1d7       3%          1
 Cigotuvi's Dreadful Rot  Necr/Pois/Air  24%        N/A       8%          2
 Kiss of Death            Conj/Necr      28%        2d7       9%          1
 Anguish                  Hex/Necr       14%        N/A       9%          4
 Frozen Ramparts          Ice            32%        1d5       10%         3
 Passwall                 Tmut/Erth      5%         N/A       14%         2
 Sublimation of Blood     Necr           7%         N/A       14%         2
 Wereblood                Tmut           7%         N/A       14%         2
 Hailstorm                Conj/Ice       12%        3d5       17%         3
 Ignite Poison            Fire/Tmut/Pois 7%         N/A       26%         3
 Yara's Violent Unravell  Hex/Tmut       14%        3d7       26%         5
 Animate Dead             Necr           7%         N/A       65%         4
 Dispel Undead            Necr           7%         3d8       65%         4
 Freezing Cloud           Conj/Ice/Air   7%         6-21      71%         5
 Borgnjor's Vile Clutch   Necr/Erth      3%         N/A       94%         5
 Death Channel            Necr           3%         N/A       100%        6
 Simulacrum               Ice/Necr       6%         N/A       100%        6
 Summon Hydra             Summ           3%         N/A       100%        7

Inventory:

Hand Weapons
 u - a +2 dagger of venom
   (You took it off an orc wizard on level 6 of the Dungeon)
 O - a +9 quick blade of venom (weapon) {rare}
   (You acquired it in a bailey)
Armour
 d - a +2 cloak (worn)
   (You found it on level 1 of the Lair of Beasts)
 v - a +2 robe of willpower
   (You took it off Blork the orc on level 5 of the Dungeon)
 w - the +4 skin of Zhor (worn) {*Englaciate rC+++ SInv}
   (You acquired it on level 15 of the Dungeon)

   *Englaciate: It radiates cold, occasionally slowing all nearby creatures who
   are not resistant to cold.
   rC+++:     It renders you almost immune to cold.
   SInv:      It lets you see invisible.
 I - a +2 pair of gloves of infusion (worn)
   (You found it on level 4 of the Lair of Beasts)
 K - a +1 pair of boots (worn)
   (You found it on level 7 of the Dungeon)
Jewellery
 a - the ring "Kaetuth" {rC+ Int+6 Dex+3}
   (You took it off an orc knight on level 12 of the Dungeon)

   [ring of intelligence]

   Int+6:     It affects your intelligence (+6).
   Dex+3:     It affects your dexterity (+3).
   rC+:       It protects you from cold.
 n - a ring of willpower (left hand)
   (You found it in a sewer)
 A - an amulet of the acrobat
   (You found it on level 6 of the Dungeon)
 C - a ring of protection from cold
   (You found it on level 5 of the Dungeon)
 D - a +6 ring of dexterity
   (You found it on level 1 of the Dungeon)
 E - a +5 ring of evasion (right hand)
   (You found it in a sewer)
 F - a ring of protection from fire
   (You found it on level 9 of the Dungeon)
 G - an amulet of guardian spirit (around neck)
   (You found it on level 10 of the Dungeon)
 L - a ring of flight
   (You took it off a centaur on level 8 of the Dungeon)
 P - a ring of poison resistance
   (You found it on level 2 of the Dungeon)
 R - a ring of resist corrosion
   (You found it on level 1 of the Dungeon)
Wands
 g - a wand of mindburst (15)
   (You found it on level 2 of the Lair of Beasts)
 i - a wand of iceblast (12)
   (You found it on level 3 of the Dungeon)
 k - a wand of flame (18)
   (You found it on level 13 of the Dungeon)
 q - a wand of charming (5)
   (You took it off Ijyb on level 3 of the Dungeon)
 y - a wand of acid (8)
   (You found it on level 7 of the Dungeon)
Scrolls
 b - 3 scrolls of enchant weapon
 f - 11 scrolls of teleportation {@r4}
 m - 8 scrolls of blinking {!r}
 s - 3 scrolls of torment {!r}
 B - 2 scrolls of enchant armour
 J - 3 scrolls of fog
 S - 3 scrolls of brand weapon
 T - 6 scrolls of identify {@r1}
 V - 2 scrolls of fear
 X - 2 scrolls of vulnerability {!r!r}
 Y - 2 scrolls of revelation
 Z - 2 scrolls of immolation {!r!r}
Potions
 c - 4 potions of invisibility
 e - 9 potions of curing {@q1}
 h - 7 potions of might
 l - 6 potions of brilliance
 p - 7 potions of heal wounds {@q2}
 r - 3 potions of resistance
 t - 6 potions of haste {@q3}
 x - 5 potions of mutation {!q}
 z - a potion of cancellation
 H - a potion of attraction {!q}
 M - 3 potions of lignification {!q}
 N - a potion of berserk rage {!q}
 U - 3 potions of enlightenment
 W - 2 potions of magic
Miscellaneous
 j - a lightning rod (4/4)
   (You found it on level 12 of the Dungeon)
 o - a phial of floods
   (You found it on level 5 of the Lair of Beasts)
 Q - a phantom mirror
   (You found it in a bailey)

Dungeon Overview and Level Annotations

Branches:
Dungeon (15/15) Zot: 20950 Temple (0/1) D:5 Lair (5/5) D:8 Zot: 22823 Swamp (0/4) Lair:3 Snake (1/4) Lair:2 Zot: 5998 Slime (0/5) Lair:4 Orc (2/2) D:9 Zot: 11555 Elf (0/3) Orc:2 Vaults (0/5) D:13 D:14 Depths (0/4) D:15 Sewer (visited) Bailey (visited)

Altars:
Cheibriados
Dithmenos
Fedhas
Gozag
Kikubaaqudgha
Makhleb
Ru
Sif Muna
Trog
Uskayaw
Vehumet
Wu Jian

Shops:
D:4 (   D:9 (   D:13 :   D:15 (   Orc:2 ?

Annotations:
D:4 2 transporters, 3 runed translucent doors, LisatheFox's ghost, amateur MfGl
D:6 exclusion: boulder beetle
Lair:1 1 runed translucent door, zkyp's ghost, journeyman DgFi
Orc:2 Saint Roka

###.o..o...o###
8.....o.......8.
......oo........
#
......._........
#. ##
.....§§§........
...##.
8..oo§o§§§....
..#..
##..o§§§§..##
.....
#....ooo§...# #..
#...#.oo@§# ##. .
#oo§o§# #.. .$.
#83).8# #.. #...
####)....# ####.
.#..####..#.....#
##.###
...........#...#
#....# ..
#.........##.##
##....
..##......)...###
##...
......#....#.##
### ##....


You could see Saint Roka (strong, extremely poisoned), 2 orc knights, 2 orc
warriors, an orc wizard (strong, slow), an orc (strong) and a friendly sixfirhy
(summoned).


Message History

😮 MP[-1]
You lost 1 mp, and now have 0/27 mp.
Unknown command.
You barely miss the orc warrior. x2; You touch the orc warrior!
The orc warrior no longer looks unusually strong. x2
The orc knight completely misses your sixfirhy. 😮 HP[+1]
You hit the orc warrior.
You hit the orc warrior but do no damage.
You touch the orc warrior!
You kill the orc warrior!
Dithmenos accepts your kill. The orc warrior completely misses you.
The orc knight hits your sixfirhy with a +0 long sword!!
You strike the helpless orc warrior from behind!
You puncture the orc warrior!
The orc warrior is poisoned.
You hit the orc warrior but do no damage.
The orc wizard hits your sixfirhy with a +0 dagger.
You hit the orc warrior but do no damage.
The orc warrior looks as sick as possible!
You touch the orc warrior.
You kill the orc warrior!
Dithmenos accepts your kill.
The orc no longer looks unusually strong.
The orc knight roars a battlecry!
The orc goes into a battle-frenzy!
The orc warrior throws a boomerang.
The boomerang completely misses you.
The orc completely misses your sixfirhy.
The orc wizard hits your sixfirhy with a +0 dagger.
The orc knight hits your sixfirhy with a +1 heavy long sword!!!
Your sixfirhy dies!
Your sixfirhy disappears in a puff of smoke!
You hear a shout! x2 😮 HP[+1] MP[+1]
You hit the orc warrior but do no damage.
You touch the orc warrior.
You kill the orc warrior!
Dithmenos accepts your kill. 😮 MP[-1]
You now have 106 max hp (+1).
You lost 1 mp, and now have 0/27 mp.
You catch the helpless orc completely off-guard!
You puncture the orc!
You kill the orc!
Dithmenos accepts your kill. The orc warrior misses you. x2
You hit the orc warrior.
The orc warrior is poisoned.
You catch the helpless orc warrior completely off-guard!
You puncture the orc warrior!
The orc warrior looks as sick as possible!
You hit the orc warrior but do no damage.
The orc warrior looks as sick as possible!
You touch the orc warrior.
You kill the orc warrior!
Dithmenos accepts your kill.
An orc wizard comes into view. It is wielding a +0 dagger.
You catch the helpless orc knight completely off-guard!
You puncture the orc knight!
The orc knight looks as sick as possible!
The orc wizard shouts!
You hit the orc knight but do no damage.
The orc knight looks as sick as possible!
The orc is no longer moving slowly.
The orc knight is no longer moving slowly.
The orc wizard casts a spell at the orc wizard.
The puff of flame hits the orc wizard.
The orc wizard shouts!
You strike the helpless orc knight from behind!
You hit the orc knight.
The orc knight looks as sick as possible!
Your touch misses the orc knight.
You catch the helpless orc knight completely off-guard!
You puncture the orc knight!
The orc knight looks as sick as possible!
Your touch misses the orc knight.
You hear a shout! x2
The orc warrior closely misses you. Saint Roka closely misses you.
You hear a shout! 😮 HP[+1]
You catch the helpless orc wizard completely off-guard!
You puncture the orc wizard!
You kill the orc wizard!
Dithmenos accepts your kill.
You feel less shadowy.
The orc warrior no longer looks unusually strong.
You now have 107 max hp (+1).
You hit Saint Roka but do no damage.
Saint Roka is poisoned.
Your touch misses Saint Roka. You puncture Saint Roka!
Saint Roka looks as sick as possible!
You touch Saint Roka!
Your shadow hits Saint Roka but does no damage.
Your shadow hits Saint Roka with a quick blade.
The orc knight misses you.
An orc wizard comes into view. It is wielding a +0 dagger.
The orc knight roars a battlecry!
The orcs go into a battle-frenzy!
Saint Roka hits you with a +3 great sword of holy wrath!!!
* * * LOW HITPOINT WARNING * * *
A demonic guardian appears!
You emit a cloud of dark smoke.
You convulse!!
You die...
Saint Roka roars, "Praise to Beogh!"

Skill      XL: |  1  2  3  4  5  6  7  8  9 10 11 12 13 14 15 |
---------------+----------------------------------------------+-----
Short Blades   | 1 2 3 4 5 6 7 10 13 14 15 | 15.3
Dodging        | 2 3 4 5 6 7 8 10 | 10.0
Stealth        | 3 4 5 6 7 8 9 |  9.9
Ice Magic      | 1 2 |  2.4
Hexes          | 4 5 6 7 8 9 10 11 | 11.2
Spellcasting   | 3 4 5 6 7 8 |  8.0
Invocations    | 1 3 5 6 |  6.1
Fighting       | 3 7 8 9 |  9.4
Armour         | 3 5 6 |  6.0
Air Magic      | 3 4 |  4.0
Poison Magic   | |  0.1

Action                     |  1- 3 |  4- 6 |  7- 9 | 10-12 | 13-15 || total
---------------------------+-------+-------+-------+-------+-------++-------
  Melee: Dagger            |   178 |    37 |   385 |   198 |       ||   798
         Punch             |     1 |       |     2 |    15 |    26 ||    44
         Touch             |       |       |    63 |   161 |   380 ||   604
         Quick blade       |       |       |       |   520 |  1598 ||  2118
   Cast: Ensorcelled Hiber |     7 |     8 |    69 |    37 |    15 ||   136
         Confusing Touch   |     1 |     1 |     3 |     2 |       ||     7
         Tukima's Dance    |       |       |     1 |     2 |       ||     3
         Swiftness         |       |       |       |     1 |       ||     1
 Invoke: Shadow Step       |       |       |     1 |     1 |       ||     2
         Shadow Form       |       |       |       |       |     1 ||     1
  Evoke: Wand              |       |       |     1 |       |       ||     1
    Use: Scroll            |     6 |     2 |    10 |    12 |     5 ||    35
         Potion            |       |     3 |       |       |       ||     3
   Stab: Sleeping          |    16 |     6 |    53 |    43 |    41 ||   159
         Confused          |     2 |     2 |     3 |       |       ||     7
         Invisible         |       |     4 |       |       |    16 ||    20
         Distracted        |       |       |     1 |     1 |     9 ||    11
 Armour: Robe              |    76 |    18 |   127 |   131 |   223 ||   575
         Animal skin       |       |       |       |       |    36 ||    36
  Dodge: Dodged            |   119 |    22 |   362 |   338 |   530 ||  1371
  Block: Other             |       |       |       |       |    68 ||    68

Levels and vault maps discovered:
D:1:      lemuel_arrival_broad_hall, layout_loops_ring,
          hellmonk_ecumenical_altar_crossroads, st_stairs_14, hex_tiny,
          serial_bayou_pond_e, nicolae_titane
D:2:      layout_loops_ring
D:3:      layout_basic, trog_three_pillars_becter, portal_sewer_entry_a,
          uniq_ijyb, uniq_sigmund, uniq_grinder
D:4:      layout_loops_ring, overflow_temple_1_default,
          mainiacjoe_overflow_surrounded_room, dancing_weapons_uskayaw,
          ebering_ghost_gozag, serial_shops, nicolae_shop_drivethru
D:5:      layout_basic, minmay_temple_entry_crystal_x,
          minmay_misc_feat_nine_boxes, uniq_blork_the_orc
D:6:      layout_basic, nicolae_tso_besieged_by_evil, serial_undead,
          serial_undead_e, serial_undead_d, serial_undead_f, serial_undead_b,
          serial_undead_a, serial_undead_b, dk_noncrumbling_4, uniq_edmund
D:7:      layout_basic, led_sif_book,
          chequers_temple_overflow_statue_of_worship, minmay_chambers_of_fives
D:8:      layout_basic, dpeg_oklobed_lair, uniq_erica, uniq_psyche
D:9:      layout_roguey, mainiacjoe_overflow_24_doors, orc_david_3,
          enter_bailey_2
D:10:     layout_irregular_city
D:11:     layout_irregular_city, nzn_wu_jian_council_hall
D:12:     minmay_the_grid_square_5x5_3x3 [minmay_the_grid_square_5x5_lines,
          minmay_the_grid_square_5x5_fancy_junction,
          minmay_the_grid_square_5x5_c, minmay_the_grid_square_5x5_inset,
          minmay_the_grid_square_5x5_megaprize_diamond,
          minmay_the_grid_square_5x5_almost_minimal,
          minmay_the_grid_square_5x5_comb, minmay_the_grid_square_5x5_spiral,
          minmay_the_grid_square_5x5_forky], layout_cave_pods,
          grunt_ministairs_5, hangedman_weighted_door, uniq_jorgrun, uniq_rupert
D:13:     layout_loops_corners, serial_shops, nicolae_shop_just_a_little_nook,
          dreamdust_princess_bridge, minmay_pinched_square
D:14:     layout_big_octagon, david_vaults_3, nicolae_vehumet_radiance
D:15:     grunt_enter_depths_hoard, layout_loops_corners, serial_shops, shop,
          minmay_crystal_room
Lair:1:   layout_layer_cave, ebering_ghost_funeral_grove, grunt_megastairs_1,
          serial_bayou_shore_b, lemuel_fruit_tree
Lair:2:   layout_gridlike, minmay_snake_entry_six_corridors, serial_forest,
          infiniplex_forest_lined_corner, infiniplex_forest_3_way,
          infiniplex_forest_end_2, infiniplex_forest_straight_2,
          chequers_serial_rivers_room_a, serial_bayou_pond_e,
          beast_lair_carwin_5
Lair:3:   layout_hall_layers, minmay_swamp_entry_wisps, eino_house_with_fridge
Lair:4:   layout_regular_city, minmay_slime_entry_pillars
Lair:5:   gammafunk_lair_ancient_temple, layout_long_grid, uniq_josephine
Snake:1:  layout_onion_interference, uniq_aizul
Orc:1:    layout_caves, rock_pile
Orc:2:    grunt_orc_cross, layout_caves, serial_shops, shop, basic_altar,
          minmay_orc_temple_b

Notes
Turn   | Place    | Note
-------+----------+-------------------------------------------
     0 | D:1      | kae the Demonspawn Enchanter began the quest for the Orb.
     0 | D:1      | Reached XP level 1. HP: 13/13 MP: 3/3
     0 | D:1      | magus.rc [v1.11.3]
    57 | D:1      | Reached skill level 1 in Short Blades
   108 | D:1      | HP: 2/13 [kobold/+0 short sword (2)]
   113 | D:1      | HP: 2/13 [kobold/+0 short sword (1)]
   169 | D:1      | Gained mutation: A weak demonic guardian rushes to your
                  | aid. [demonic ancestry]
   169 | D:1      | Reached XP level 2. HP: 19/19 MP: 5/5
   200 | D:1      | Learned a level 2 spell: Ensorcelled Hibernation
   214 | D:1      | Reached skill level 2 in Dodging
   242 | D:1      | Found a faded altar of an unknown god.
   270 | D:1      | Prayed at the altar of an unknown god.
   270 | D:1      | Became a worshipper of Dithmenos the Shadowed
   270 | D:1      | Reached * piety under Dithmenos
   386 | D:1      | Reached skill level 3 in Stealth
   718 | D:1      | Gained mutation: You are partially covered in rugged brown
                  | scales. (AC +1, +3% HP) [demonic ancestry]
   718 | D:1      | Reached XP level 3. HP: 16/24 MP: 6/6
   722 | D:1      | Learned a level 3 spell: Confusing Touch
  1196 | D:2      | HP: 6/24 [worm (8)]
  1906 | D:3      | Noticed a phantom
  1921 | D:3      | Killed a phantom
  1922 | D:3      | Reached skill level 2 in Short Blades
  1922 | D:3      | Reached XP level 4. HP: 30/30 MP: 3/7
  1971 | D:3      | Reached XP level 5. HP: 35/36 MP: 0/8
  1978 | D:3      | Reached skill level 1 in Ice Magic
  1995 | D:3      | Noticed Sigmund
  2016 | D:3      | HP: 8/36 [Sigmund/magic dart (6)]
  2018 | D:3      | Killed Sigmund
  2019 | D:3      | Reached skill level 4 in Hexes
  2019 | D:3      | Reached XP level 6. HP: 9/42 MP: 3/10
  2059 | D:3      | Found a bloodstained altar of Trog.
  2075 | D:3      | Found a glowing drain.
  2077 | D:3      | Noticed Grinder
  2087 | D:3      | Reached ** piety under Dithmenos
  2115 | D:3      | Killed Grinder
  2116 | D:3      | Reached skill level 3 in Short Blades
  2116 | D:3      | Reached skill level 3 in Dodging
  2116 | D:3      | Gained mutation: Your touch may inflict minor irresistible
                  | damage on your foes. [demonic ancestry]
  2116 | D:3      | Reached XP level 7. HP: 47/47 MP: 5/11
  2132 | Sewer    | Entered a sewer
  2213 | Sewer    | Reached skill level 3 in Spellcasting
  2450 | Sewer    | Reached skill level 2 in Ice Magic
  2653 | Sewer    | Reached skill level 4 in Stealth
  2998 | D:3      | Noticed Ijyb
  3004 | D:3      | Killed Ijyb
  3567 | D:4      | Reached skill level 5 in Hexes
  3682 | D:4      | Found an ancient bone altar of Kikubaaqudgha.
  3706 | D:4      | Noticed a +3 dagger
  3706 | D:4      | Noticed a +0 dagger
  3709 | D:4      | Found a hide-covered altar of Uskayaw.
  3740 | D:4      | Reached skill level 1 in Invocations
  3801 | D:4      | Reached *** piety under Dithmenos
  3819 | D:4      | Reached skill level 4 in Short Blades
  3926 | D:4      | Found a transporter.
  3929 | D:4      | Found Umodott's Weapon Boutique.
  3973 | D:4      | Reached XP level 8. HP: 53/53 MP: 13/13
  4177 | D:4      | Found a runed translucent gate.
  4177 | D:4      | Found a runed translucent gate.
  4177 | D:4      | Found a runed translucent gate.
  4179 | D:4      | Found an opulent altar of Gozag.
  4182 | D:4      | Noticed LisatheFox's ghost (amateur MfGl)
  4368 | D:4      | Found a transporter.
  4613 | D:5      | Entered Level 5 of the Dungeon
  4733 | D:5      | You pick up a book of Blood and begin reading...
  4733 | D:5      | You add the spells Sublimation of Blood, Wereblood and
                  | Summon Hydra to your library.
  4887 | D:5      | You pick up a book of Burglary and begin reading...
  4887 | D:5      | You add the spells Passwall and Swiftness to your library.
  5199 | D:5      | Found a staircase to the Ecumenical Temple.
  5407 | D:5      | Reached skill level 2 in Invocations
  5656 | D:5      | Noticed Blork the orc
  5676 | D:5      | Killed Blork the orc
  5677 | D:5      | Reached skill level 6 in Hexes
  6139 | D:6      | Reached skill level 4 in Dodging
  6140 | D:6      | Reached skill level 5 in Short Blades
  6242 | D:6      | Reached skill level 3 in Invocations
  6291 | D:6      | Reached skill level 4 in Spellcasting
  6323 | D:6      | Noticed Edmund
  6324 | D:6      | HP: 11/53 [Edmund/+1 heavy dire flail (6)]
  6325 | D:6      | Killed Edmund
  6358 | D:6      | HP: 8/53 [gnoll/+0 spear[a gnoll bouda] (9)]
  6612 | D:6      | Reached skill level 5 in Stealth
  6612 | D:6      | Reached XP level 9. HP: 55/58 MP: 15/15
  6632 | D:6      | Reached **** piety under Dithmenos
  6748 | D:6      | Noticed a boulder beetle
  7692 | D:7      | Reached skill level 7 in Hexes
  7692 | D:7      | Reached skill level 4 in Invocations
  7900 | D:7      | Reached skill level 6 in Short Blades
  8015 | D:7      | Found a sacrificial altar of Ru.
  8016 | D:7      | Found a burning altar of Makhleb.
  8016 | D:7      | Found a blossoming altar of Fedhas.
  8123 | D:7      | Found a shimmering blue altar of Sif Muna.
  8300 | D:8      | Learned a level 3 spell: Tukima's Dance
  8304 | D:8      | Learned a level 3 spell: Dazzling Flash
  8377 | D:8      | Found a staircase to the Lair.
  8520 | D:8      | Noticed Psyche
  8524 | D:8      | Killed Psyche
  8625 | D:8      | Reached skill level 5 in Dodging
  8660 | D:8      | Noticed Erica
  8839 | D:8      | Killed Erica
  8840 | D:8      | Reached skill level 5 in Spellcasting
  8840 | D:8      | Reached skill level 5 in Invocations
  8840 | D:8      | Reached XP level 10. HP: 41/64 MP: 10/17
  8968 | D:8      | Reached skill level 6 in Stealth
  8968 | D:8      | Reached skill level 8 in Hexes
  8986 | D:8      | Identified the +1 barding of Geurumohi {rF+ Dex+3}
  9588 | D:9      | Reached skill level 7 in Short Blades
  9594 | D:9      | Reached skill level 1 in Fighting
  9636 | D:9      | Found a staircase to the Orcish Mines.
  9639 | D:9      | Found Xiruduav's Weapon Shoppe.
  9662 | D:9      | Reached ***** piety under Dithmenos
  9684 | D:9      | Found a flagged portal.
  9746 | Bailey   | Entered a bailey
  9751 | Bailey   | Noticed an orc warlord
  9859 | Bailey   | Reached skill level 2 in Fighting
 10085 | Bailey   | Found a runed translucent gate.
 10088 | Bailey   | Found a runed translucent gate.
 10089 | Bailey   | Found a runed translucent gate.
 10207 | Bailey   | Learned a level 3 spell: Swiftness
 10225 | Bailey   | Killed an orc warlord
 10226 | Bailey   | Reached skill level 3 in Fighting
 10226 | Bailey   | Reached skill level 6 in Invocations
 10330 | Bailey   | Acquired a +8 quick blade of venom
 10331 | Bailey   | O - a +8 quick blade of venom {rare}
 10332 | Bailey   | your +8 quick blade of venom {rare} begins to drip with
                  | poison!
 10332 | Bailey   | O - a +8 quick blade of venom (weapon) {rare}
 10490 | D:9      | Gained mutation: Your touch may inflict irresistible damage
                  | on your foes. [demonic ancestry]
 10490 | D:9      | Reached XP level 11. HP: 61/77 MP: 17/19
 10496 | D:9      | Reached skill level 9 in Hexes
 10581 | D:9      | Found a snail-covered altar of Cheibriados.
 10634 | D:9      | You add the spells Cigotuvi's Dreadful Rot, Ignite Poison
                  | and Freezing Cloud to your library.
 10911 | D:10     | Entered Level 10 of the Dungeon
 11297 | D:10     | Reached skill level 8 in Short Blades
 11401 | D:10     | Reached skill level 4 in Fighting
 11401 | D:10     | Reached skill level 6 in Dodging
 11402 | D:10     | Reached skill level 6 in Spellcasting
 11805 | D:11     | your +8 quick blade of venom {rare} glows red for a moment.
 11853 | D:11     | Noticed a boulder beetle
 11859 | D:11     | Killed a boulder beetle
 11860 | D:11     | Reached skill level 7 in Stealth
 11931 | D:11     | Reached skill level 5 in Fighting
 12065 | D:11     | Found an ornate altar of the Wu Jian Council.
 12381 | D:11     | Reached skill level 6 in Fighting
 12381 | D:11     | Reached skill level 9 in Short Blades
 12527 | D:11     | Noticed a boulder beetle
 12539 | D:11     | Killed a boulder beetle
 12788 | D:12     | Reached skill level 7 in Fighting
 12910 | D:12     | You fall into a shaft and drop 3 floors!
 12910 | D:15     | Entered Level 15 of the Dungeon
 12920 | D:15     | Noticed a boulder beetle
 12925 | D:15     | Noticed a centaur warrior
 12928 | D:15     | Killed a centaur warrior
 12936 | D:15     | Killed a boulder beetle
 12937 | D:15     | Reached skill level 10 in Short Blades
 12966 | D:15     | Noticed a cyan ugly thing
 12966 | D:15     | Noticed a cyan ugly thing
 12974 | D:14     | Noticed a boulder beetle
 12987 | D:14     | Gained mutation: You are mostly covered in rugged brown
                  | scales. (AC +2, +5% HP) [demonic ancestry]
 12987 | D:14     | Reached XP level 12. HP: 86/95 MP: 15/21
 12992 | D:14     | Killed a boulder beetle
 13044 | D:14     | Noticed a catoblepas
 13050 | D:14     | Found a radiant altar of Vehumet.
 13052 | D:14     | Killed a catoblepas
 13089 | D:14     | Reached skill level 11 in Short Blades
 13253 | D:14     | You pick up a book of Unlife and begin reading...
 13253 | D:14     | You add the spells Animate Dead, Borgnjor's Vile Clutch and
                  | Death Channel to your library.
 13290 | D:13     | You pick up a book of Unlife and begin reading...
 13331 | D:13     | Identified the +1 flail of the Ecumenical Temple {heavy,
                  | Str+3 Int+4}
 13336 | D:13     | Noticed a tengu warrior
 13350 | D:13     | Killed a tengu warrior
 13726 | D:13     | Noticed a centaur warrior
 13816 | D:12     | Noticed a boulder beetle
 13821 | D:12     | Killed a boulder beetle
 13822 | D:12     | Reached skill level 12 in Short Blades
 13853 | D:12     | Noticed Rupert
 14031 | Lair:1   | Entered Level 1 of the Lair of Beasts
 14549 | Lair:1   | Found a runed translucent door.
 14551 | Lair:1   | Noticed zkyp's ghost (journeyman DgFi)
 14552 | Lair:1   | Identified the +5 spear "Ofap" {heavy, Will+}
 14658 | Lair:1   | Reached skill level 13 in Short Blades
 15733 | Lair:2   | Gained mutation: A meltable shield of frost defends you.
                  | (SH +0) [demonic ancestry]
 15733 | Lair:2   | Reached XP level 13. HP: 58/100 MP: 15/22
 15775 | Lair:2   | Reached skill level 14 in Short Blades
 15938 | Lair:2   | Found a staircase to the Snake Pit.
 16041 | Lair:2   | Reached skill level 1 in Armour
 16041 | Lair:2   | Reached skill level 1 in Air Magic
 16606 | Lair:2   | You pick up a book of Frost and begin reading...
 16606 | Lair:2   | You add the spells Freeze, Frozen Ramparts and Hailstorm to
                  | your library.
 16920 | Lair:3   | Found a staircase to the Swamp.
 16955 | Lair:3   | Reached skill level 2 in Armour
 17046 | Lair:3   | Reached ****** piety under Dithmenos
 17047 | Lair:3   | Reached skill level 2 in Air Magic
 17765 | Lair:4   | Found a staircase to the Slime Pits.
 18587 | Lair:5   | Entered Level 5 of the Lair of Beasts
 18627 | Lair:5   | Reached skill level 3 in Armour
 18774 | Lair:5   | Reached skill level 3 in Air Magic
 18787 | Lair:5   | Reached skill level 8 in Stealth
 18902 | Lair:5   | Reached skill level 7 in Dodging
 18927 | Lair:5   | Noticed a dire elephant
 19230 | Lair:5   | Gained mutation: A meltable icy envelope protects you from
                  | harm. (AC +0) [demonic ancestry]
 19230 | Lair:5   | Reached XP level 14. HP: 99/108 MP: 1/23
 19457 | Lair:5   | You pick up a book of Frost and begin reading...
 19460 | Lair:5   | Noticed Josephine
 19478 | Lair:5   | HP: 21/106 [dire elephant (25)]
 19483 | Lair:4   | HP: 14/108 [poisoned by a cane toad]
 19741 | Lair:4   | Killed Josephine
 19742 | Lair:4   | Reached skill level 10 in Hexes
 19869 | Lair:5   | Reached skill level 4 in Armour
 20147 | Lair:5   | Reached skill level 4 in Air Magic
 21393 | D:12     | Reached skill level 8 in Fighting
 21588 | D:12     | Reached skill level 7 in Spellcasting
 21608 | D:12     | Identified the +0 robe of the Crypt {rElec rF+ rC+ Dex-2}
 21639 | D:12     | Identified the ring "Kaetuth" {rC+ Int+6 Dex+3}
 21784 | D:12     | Reached skill level 8 in Dodging
 22600 | D:12     | Noticed Jorgrun
 22608 | D:12     | Killed Jorgrun
 22609 | D:12     | Reached skill level 9 in Stealth
 22895 | D:12     | Killed Rupert
 22896 | D:12     | Reached skill level 5 in Armour
 23130 | D:13     | Identified the +8 falchion "Okhliadd" {elec, rN+}
 23376 | D:13     | You pick up a rare book and begin reading...
 23376 | D:13     | You add the spells Yara's Violent Unravelling and
                  | Simulacrum to your library.
 23376 | D:13     | Got a rare book
 23645 | D:13     | Found Coqioham's Book Shop.
 23772 | D:13     | Gained mutation: A demonic guardian rushes to your aid.
                  | [demonic ancestry]
 23772 | D:13     | Reached XP level 15. HP: 117/117 MP: 10/26
 24207 | D:14     | Noticed Urug
 24207 | D:14     | Found a gate to the Vaults.
 24233 | D:13     | Killed Urug
 24234 | D:13     | Reached skill level 9 in Dodging
 24245 | D:13     | Reached skill level 15 in Short Blades
 24793 | D:14     | You pick up a book of Dreams and begin reading...
 24793 | D:14     | You add the spells Jinxbite and Anguish to your library.
 24817 | D:14     | Reached skill level 9 in Fighting
 25423 | D:15     | Acquired the +4 skin of Zhor {*Englaciate rC+++ SInv}
 25423 | D:15     | Found the +4 skin of Zhor {*Englaciate rC+++ SInv}
 25650 | D:15     | Reached skill level 11 in Hexes
 25875 | D:15     | Reached skill level 8 in Spellcasting
 25942 | D:15     | Found Ceirylapn's Antique Weapon Shoppe.
 26283 | D:15     | Found a staircase to the Depths.
 26286 | D:15     | Reached skill level 6 in Armour
 26479 | D:15     | You pick up a book of Touch and begin reading...
 26479 | D:15     | You add the spells Kiss of Death and Dispel Undead to your
                  | library.
 26799 | Snake:1  | Entered Level 1 of the Snake Pit
 26922 | Orc:1    | Entered Level 1 of the Orcish Mines
 27236 | Orc:2    | Entered Level 2 of the Orcish Mines
 27237 | Orc:2    | Found a staircase to the Elven Halls.
 27331 | Orc:2    | Found Bozusk's Magic Scroll Emporium.
 27366 | Orc:2    | Noticed Saint Roka
 27380 | Orc:2    | Reached skill level 10 in Dodging
 27404 | Orc:2    | Slain by Saint Roka

Vanquished Creatures
  Rupert (D:12)
  Jorgrun (D:12)
  An orc warlord (Bailey)
  A dire elephant (Lair:5)
  Josephine (Lair:4)
  2 fire dragons
  2 hydras (Lair:5)
  An ice dragon (D:15)
  A catoblepas (D:14)
  5 centaur warriors
  11 boulder beetles
  Erica (D:8)
  A death knight (D:15)
  A merfolk avatar (Lair:5)
  3 two-headed ogres
  2 tengu warriors
  3 death yaks (Lair:5)
  Urug (D:13)
  A skyshark (Lair:5)
  A sea snake (Lair:5)
  A wizard (D:14)
  A necromancer (Lair:3)
  3 deep elf pyromancers
  A harpy (Lair:5)
  A wolf spider zombie (D:12)
  6 manticores
  2 orc sorcerers (Orc:2)
  3 orc knights
  13 ugly things
  5 cyclopes
  A will-o-the-wisp (Lair:3)
  A centaur zombie (D:12)
  9 elephants (Lair:5)
  14 cane toads
  9 black mambas
  3 gargoyles
  3 efreet
  5 rime drakes
  2 centaur skeletons (D:12)
  13 komodo dragons
  4 kobold demonologists
  3 tengu conjurers
  2 unseen horrors
  2 yaktaurs (D:12)
  Psyche (D:8)
  3 freezing wraiths (D:15)
  6 trolls
  5 polar bears
  A wind drake (Lair:5)
  Grinder (D:3)
  6 blink frogs
  A snapping turtle (Lair:5)
  Sigmund (D:3)
  A vampire (D:13)
  12 wraiths
  49 yaks
  9 wyverns
  7 slime creatures
  15 humans
  3 basilisks
  4 steam dragons
  9 vampire mosquitoes
  Edmund (D:6)
  26 water moccasins
  2 acid dragons
  20 orc warriors
  A meliai simulacrum (D:12)
  A black bear (D:5)
  11 wolves
  5 ogres
  8 centaurs
  2 phantoms
  Blork the orc (D:5)
  10 bullfrogs
  3 kobold brigands
  2 scorpions
  6 killer bees (D:9)
  10 howler monkeys
  A bullfrog zombie (D:6)
  3 hounds
  A quasit (D:6)
  5 jellies
  2 bullfrog skeletons (D:6)
  8 orc priests
  A sleepcap (D:5)
  3 gnoll boudas
  6 iguanas
  Ijyb (D:3)
  23 orc wizards
  4 yak simulacra (Lair:3)
  5 polar bear simulacra (Lair:3)
  2 wolf simulacra (Lair:3)
  15 gnolls
  10 adders
  2 white imps (D:7)
  3 worms
  A dart slug (D:5)
  62 orcs
  8 bats
  4 endoplasms
  7 giant cockroaches
  5 goblins
  11 hobgoblins
  9 jackals
  23 kobolds
  5 quokkas
  11 ball pythons
  7 frilled lizards
  A goblin zombie (D:6)
  3 kobold skeletons (D:6)
  A kobold zombie (D:6)
  2 orc skeletons (D:6)
  An orc zombie (D:6)
  5 rats
652 creatures vanquished.

Vanquished Creatures (collateral kills)
  A yak (Lair:1)
  A human (D:14)
  An orc warrior (Orc:2)
  An orc wizard (D:7)
  A gnoll (D:6)
  A worm (D:2)
  A dart slug (D:1)
  A hobgoblin (D:1)
  2 jackals
  A frilled lizard (D:1)
11 creatures vanquished.

Vanquished Creatures (others)
  3 dancing weapons
  An orc warrior (Orc:2)
  An orc wizard (D:13)
5 creatures vanquished.

Grand Total: 668 creatures vanquished

Table legend:
 A = Non-vault XP
 B = Vault XP
 C = Vault XP percentage of total XP
 D = Non-vault monster count
 E = Vault monster count
 F = Vault count percentage of total count
                 A         B        C        D         E       F
            +---------+---------+-------+---------+---------+-------
      Total |   76400 |   54803 |  41.8 |     435 |     228 |  34.4
            +---------+---------+-------+---------+---------+-------
        D:1 |      42 |       3 |   6.7 |      25 |       2 |   7.4
        D:2 |      35 |       0 |   0.0 |      16 |       0 |   0.0
        D:3 |     145 |     558 |  79.4 |      22 |       4 |  15.4
        D:4 |     455 |       0 |   0.0 |      20 |       0 |   0.0
        D:5 |     642 |      94 |  12.8 |      13 |       1 |   7.1
        D:6 |     666 |     492 |  42.5 |      21 |      15 |  41.7
        D:7 |     450 |     387 |  46.2 |      15 |       5 |  25.0
        D:8 |    1498 |    1180 |  44.1 |      29 |       2 |   6.5
        D:9 |    2910 |      15 |   0.5 |      28 |       5 |  15.2
       D:10 |    1986 |       0 |   0.0 |      15 |       0 |   0.0
       D:11 |    5099 |       0 |   0.0 |      19 |       0 |   0.0
       D:12 |    4958 |   12745 |  72.0 |      25 |      24 |  49.0
       D:13 |    4560 |   10397 |  69.5 |      11 |      27 |  71.1
       D:14 |    7434 |    1996 |  21.2 |      22 |       7 |  24.1
       D:15 |   13541 |    1782 |  11.6 |      30 |       2 |   6.2
     Lair:1 |    4979 |    1213 |  19.6 |      23 |       4 |  14.8
     Lair:2 |    5045 |    4656 |  48.0 |      23 |      19 |  45.2
     Lair:3 |    4462 |    1528 |  25.5 |      14 |      13 |  48.1
     Lair:4 |    2635 |    1909 |  42.0 |      11 |       7 |  38.9
     Lair:5 |   13924 |    9460 |  40.5 |      36 |      22 |  37.9
      Orc:1 |     641 |     825 |  56.3 |      13 |       3 |  18.8
      Orc:2 |     293 |    3189 |  91.6 |       4 |      16 |  80.0
      Sewer |       0 |     195 | 100.0 |       0 |      22 | 100.0
     Bailey |       0 |    2179 | 100.0 |       0 |      28 | 100.0
            +---------+---------+-------+---------+---------+-------

Skill      XL: |  1  2  3  4  5  6  7  8  9 10 11 12 13 14 15 |
---------------+----------------------------------------------+-----
Short Blades   | 1 2 3 4 5 6 7 10 13 14 15 | 15.3
Dodging        | 2 3 4 5 6 7 8 10 | 10.0
Stealth        | 3 4 5 6 7 8 9 |  9.9
Ice Magic      | 1 2 |  2.4
Hexes          | 4 5 6 7 8 9 10 11 | 11.2
Spellcasting   | 3 4 5 6 7 8 |  8.0
Invocations    | 1 3 5 6 |  6.1
Fighting       | 3 7 8 9 |  9.4
Armour         | 3 5 6 |  6.0
Air Magic      | 3 4 |  4.0
Poison Magic   | |  0.1

Action                     |  1- 3 |  4- 6 |  7- 9 | 10-12 | 13-15 || total
---------------------------+-------+-------+-------+-------+-------++-------
  Melee: Dagger            |   178 |    37 |   385 |   198 |       ||   798
         Punch             |     1 |       |     2 |    15 |    26 ||    44
         Touch             |       |       |    63 |   161 |   380 ||   604
         Quick blade       |       |       |       |   520 |  1598 ||  2118
   Cast: Ensorcelled Hiber |     7 |     8 |    69 |    37 |    15 ||   136
         Confusing Touch   |     1 |     1 |     3 |     2 |       ||     7
         Tukima's Dance    |       |       |     1 |     2 |       ||     3
         Swiftness         |       |       |       |     1 |       ||     1
 Invoke: Shadow Step       |       |       |     1 |     1 |       ||     2
         Shadow Form       |       |       |       |       |     1 ||     1
  Evoke: Wand              |       |       |     1 |       |       ||     1
    Use: Scroll            |     6 |     2 |    10 |    12 |     5 ||    35
         Potion            |       |     3 |       |       |       ||     3
   Stab: Sleeping          |    16 |     6 |    53 |    43 |    41 ||   159
         Confused          |     2 |     2 |     3 |       |       ||     7
         Invisible         |       |     4 |       |       |    16 ||    20
         Distracted        |       |       |     1 |     1 |     9 ||    11
 Armour: Robe              |    76 |    18 |   127 |   131 |   223 ||   575
         Animal skin       |       |       |       |       |    36 ||    36
  Dodge: Dodged            |   119 |    22 |   362 |   338 |   530 ||  1371
  Block: Other             |       |       |       |       |    68 ||    68

Illustrated notes

Table legend:
 A = Kills in this place as a percentage of kills in the entire game.
 B = Kills by you in this place as a percentage of kills by you in the entire game.
 C = Kills by friends in this place as a percentage of kills by friends in the entire game.
 D = Other kills in this place as a percentage of other kills in the entire game.
 E = Experience gained in this place as a percentage of experience gained in the entire game.
 F = Experience gained in this place divided by the number of levels of this place that you have seen.
                   A       B       C       D       E      F
               +-------+-------+-------+-------+-------+----------------------
         Total | 100.0 | 100.0 | 100.0 |   N/A | 100.0 | 5248.1
       Dungeon |  61.1 |  60.7 |  81.8 |   N/A |  56.5 | 4938.0
          Lair |  25.9 |  26.2 |   9.1 |   N/A |  38.0 | 9962.2
  Orcish Mines |   5.4 |   5.4 |   9.1 |   N/A |   3.8 | 2474.0
         Sewer |   3.3 |   3.4 |   0.0 |   N/A |   0.1 | 195.0
        Bailey |   4.2 |   4.3 |   0.0 |   N/A |   1.7 | 2179.0
               +-------+-------+-------+-------+-------+----------------------

Table legend: (Time is in decaauts)
 A = Elapsed time spent in this place.
 B = Non-inter-level travel time spent in this place.
 C = Inter-level travel time spent in this place.
 D = Time resting spent in this place.
 E = Time spent auto-exploring this place.
 F = Levels seen in this place.
 G = Mean time per level.
                   A        B        C        D        E       F      G
               +--------+--------+--------+--------+--------+-----+--------+
         Total |  26817 |  25382 |   1435 |   1888 |  18924 |  25 | 1072.7 |
       Dungeon |  17845 |  16874 |    971 |   1347 |  12593 |  15 | 1189.7 |
          Lair |   7176 |   6727 |    449 |    348 |   5343 |   5 | 1435.2 |
     Snake Pit |      1 |      1 |      0 |      0 |      0 |   1 |    1.0 |
  Orcish Mines |    443 |    430 |     13 |      0 |    348 |   2 |  221.5 |
         Sewer |    781 |    781 |      0 |    152 |    310 |   1 |  781.0 |
        Bailey |    568 |    568 |      0 |     41 |    328 |   1 |  568.0 |
               +--------+--------+--------+--------+--------+-----+--------+

Top non-repeatable levels by time:
    D:13: 2097 daAuts
  Lair:5: 2067 daAuts
    D:12: 1917 daAuts
  Lair:1: 1642 daAuts
    D:15: 1528 daAuts
     D:6: 1494 daAuts
     D:5: 1412 daAuts
  Lair:4: 1390 daAuts
  Lair:2: 1300 daAuts
     D:8: 1295 daAuts
     D:4: 1097 daAuts
     D:3: 984 daAuts
     D:1: 978 daAuts
    D:10: 958 daAuts
    D:11: 931 daAuts
